 Dungeon Crawl Stone Soup version 0.25-a0-1024-gbfbf38f2cb (webtiles) character file.

Game seed: 17567034496124592641, levelgen mode: deterministic

5833 Flugslaktarn the Cleaver (level 10, -3/80 HPs)
             Began as a Mummy Fighter on May 12, 2020.
             Was an Initiate of Gozag.
             Slain by a wolf (4 damage)
             ... on level 8 of the Dungeon.
             The game lasted 00:07:13 (10539 turns).

Flugslaktarn the Cleaver (Mummy Fighter)           Turns: 10539, Time: 00:07:14

Health: -3/80      AC: 16    Str: 32    XL:     10   Next: 51%
Magic:  10/10      EV: 11    Int:  4    God:    Gozag
Gold:   1661       SH:  0    Dex: 13    Spells: 9/9 levels left

rFire    x . .     SeeInvis .   i - +11 battleaxe "Tib Qiclienn" {distort, Str+10 Int-3}
rCold    + . .     Gourm    .   (shield currently unavailable)
rNeg     + + +     Faith    .   d - +4 chain mail
rPois    ∞         Spirit   .   h - +0 helmet
rElec    .         Reflect  .   k - +0 cloak
rCorr    .         Harm     .   (no gloves)
MR       +....                  (no boots)
Stlth    ..........             (no amulet)
HPRegen  0.23/turn              (no ring)
MPRegen  0.12/turn              (no ring)

@: no status effects
A: no food or potions, fire vulnerability, cold resistance 1, negative energy
resistance 3, torment resistance, unbreathing
a: Potion Petition, Call Merchant, Bribe Branch, Renounce Religion


You were on level 8 of the Dungeon.
You worshipped Gozag.
Gozag was most pleased with you.
You were not hungry.

You visited 3 branches of the dungeon, and saw 11 of its levels.

You collected 3249 gold pieces.
You spent 287 gold pieces at shops.
You paid 1301 gold pieces to Gozag.

Inventory:

Hand Weapons
 a - a +0 war axe
 i - the +11 battleaxe "Tib Qiclienn" (weapon) {distort, Str+10 Int-3}
   (You bought it in a shop on level 1 of the Lair of Beasts)

   It warps and distorts space around it.
   Unwielding it can cause banishment or high damage.
   It affects your strength (+10).
   It affects your intelligence (-3).
Missiles
 m - a throwing net (quivered)
Armour
 c - a +0 kite shield
 d - a +4 chain mail (worn)
   (You found it on level 1 of the Dungeon)
 h - a +0 helmet (worn)
   (You found it on level 9 of the Dungeon)
 k - a +0 cloak (worn)
   (You found it on level 6 of the Dungeon)
Wands
 b - a wand of acid (6)
   (You found it on level 5 of the Dungeon)
 g - a wand of iceblast (9)
   (You found it on level 7 of the Dungeon)
Scrolls
 e - a scroll of immolation
 f - 6 scrolls of magic mapping
 j - 2 scrolls of fog
 l - a scroll of enchant armour
 r - a scroll of identify
 t - 3 scrolls of teleportation
 x - a scroll of remove curse
 z - 3 scrolls of blinking


   Skills:
 + Level 8.1 Fighting
 * Level 9.1 Axes
 - Level 6.0 Armour
 + Level 5.0 Dodging
 - Level 2.6 Shields


You had 9 spell levels left.
You didn't know any spells.
Your spell library was empty.

Dungeon Overview and Level Annotations

Branches:
Dungeon (9/15)             Temple (1/1) D:5            Lair (1/6) D:8
    Orc: D:9-12

Altars:
Ashenzari
Cheibriados
Dithmenos
Elyvilon
Fedhas
Gozag
Hepliaklqana
Kikubaaqudgha
Makhleb
Nemelex Xobeh
Okawaru
Qazlal
Ru
Sif Muna
Trog
Uskayaw
Vehumet
Wu Jian
Xom
Zin

Shops:
D:4 (   D:8 [   Lair:1 ([


Innate Abilities, Weirdness & Mutations

You do not eat or drink.
Your flesh is vulnerable to fire.
You are immune to poison.
Your flesh is cold resistant. (rC+)
You are immune to negative energy. (rN+++)
You are immune to unholy pain and torment.
You can survive without breathing.


Message History

The hippogriff bites you but does no damage.
The hippogriff closely misses you. The hippogriff claws you.
* * * LOW HITPOINT WARNING * * *
Unknown command.
The wolf barely misses you.
The hippogriff bites you but does no damage.
The hippogriff barely misses you. The hippogriff claws you.
* * * LOW HITPOINT WARNING * * *
The wolf bites you but does no damage. The wolf completely misses you.
The wolf barely misses you.
The wolf bites you but does no damage. x2; The wolf closely misses you.
The wolf bites you but does no damage. The wolf bites you.
* * * LOW HITPOINT WARNING * * *
The wolf pauses to sniff the ground.
The wolf bites you.
* * * LOW HITPOINT WARNING * * *
The wolf bites you but does no damage. The wolf bites you.
You die...
Your body crumbles into a pile of gold.

##
##....#.#.%.####.....
.#
#....................
.#
##....................
.#
#..........#..........
.#
##.....................
.##
#........#.>...........
..#
#.....lH...).......#.
..#
##....#hh..#..../..##
..#
#.....#@h..........#
#.#
#.....#.###........# .
#.## #......##
####.##..# #. #..#
#.....## #.....####.
#..# #....##
##.....#... #..#####
#..### #..........
##.....###.##
#..........
#..........######
#..........
#.%..............
............


You could see a komodo dragon, a hippogriff and 3 wolves.

Vanquished Creatures
  Joseph (D:9)
  A rime drake (D:8)
  A hippogriff (D:8)
  Eustachio (D:6)
  A hungry ghost (D:8)
  A water moccasin (Lair:1)
  An ice beast (D:8)
  2 sky beasts
  An eye of draining (D:8)
  A phantom (D:8)
  A centaur (D:6)
  4 ogres
  19 wolves
  3 big kobolds
  A crocodile (Lair:1)
  4 bullfrogs
  2 scorpions (D:7)
  A water moccasin skeleton (D:6)
  2 howler monkeys (D:8)
  5 crimson imps
  10 hounds
  4 orc priests
  2 gnoll shamans (D:6)
  3 orc wizards
  4 iguanas
  10 worker ants
  2 hound zombies
  A hound skeleton (D:6)
  18 gnolls
  A howler monkey skeleton (D:4)
  9 adders
  2 shadow imps
  An ooze (D:2)
  2 adder skeletons (D:5)
  An adder zombie (D:7)
  2 worms (D:2)
  2 dart slugs
  3 leopard geckos
  22 orcs
  A ball python (D:2)
  8 giant cockroaches
  13 goblins
  8 hobgoblins
  10 jackals
  18 kobolds
  4 quokkas
  2 bats (D:1)
  8 frilled lizards
  A leopard gecko skeleton (D:5)
  10 rats
235 creatures vanquished.

Vanquished Creatures (others)
  A wolf (Lair:1)
  A fungus (Lair:1)
2 creatures vanquished.

Grand Total: 237 creatures vanquished

Notes
Turn   | Place    | Note
-------+----------+-------------------------------------------
     0 | D:1      | Flugslaktarn the Mummy Fighter began the quest for the Orb.
     0 | D:1      | Reached XP level 1. HP: 18/18 MP: 1/1
   161 | D:1      | Reached XP level 2. HP: 24/24 MP: 2/2
   454 | D:1      | Reached skill level 2 in Axes
  1077 | D:2      | Reached XP level 3. HP: 29/29 MP: 3/3
  1368 | D:2      | Reached XP level 4. HP: 15/35 MP: 4/4
  2300 | D:3      | Reached skill level 3 in Axes
  2361 | D:3      | Reached XP level 5. HP: 35/42 MP: 5/5
  3077 | D:4      | Noticed an ogre
  3098 | D:4      | Killed an ogre
  3098 | D:4      | Reached XP level 6. HP: 35/48 MP: 6/6
  3298 | D:4      | Found a sparkling altar of Nemelex Xobeh.
  3478 | D:4      | Reached skill level 4 in Axes
  3641 | D:4      | Found Rixitt's Weapon Shop.
  4003 | D:5      | Entered Level 5 of the Dungeon
  4233 | D:5      | Found a staircase to the Ecumenical Temple.
  4242 | Temple   | Entered the Ecumenical Temple
  4354 | Temple   | Became a worshipper of Gozag Ym Sagoz the Greedy
  4439 | D:5      | Reached XP level 7. HP: 46/55 MP: 7/7
  4836 | D:5      | Reached skill level 5 in Fighting
  4836 | D:5      | Reached skill level 5 in Axes
  5072 | D:6      | Noticed Eustachio
  5135 | D:6      | Killed Eustachio
  5135 | D:6      | Reached skill level 1 in Dodging
  5135 | D:6      | Reached XP level 8. HP: 7/63 MP: 8/8
  6119 | D:6      | Reached skill level 6 in Axes
  6505 | D:6      | Identified a scroll of acquirement
  6506 | D:6      | Identified the +6 lajatang "Kitzuist" {vorpal, *Contam
                  | Int+5} (You acquired it on level 6 of the Dungeon)
  7116 | D:7      | Reached skill level 5 in Armour
  7496 | D:7      | Reached XP level 9. HP: 56/69 MP: 9/9
  7902 | D:7      | Reached skill level 7 in Axes
  8647 | D:8      | Found a stormy altar of Qazlal.
  8647 | D:8      | Found a faded altar of an unknown god.
  8652 | D:8      | Found a hazy altar of Hepliaklqana.
  8654 | D:8      | Found a shattered altar of Ashenzari.
  8656 | D:8      | Found a faded altar of an unknown god.
  8977 | D:8      | Noticed a death yak
  8977 | D:8      | Noticed a death yak
  8978 | D:8      | Noticed a death yak
  8980 | D:8      | Noticed a death yak
  8980 | D:8      | Noticed a death yak
  8980 | D:8      | Noticed a death yak
  8981 | D:8      | Noticed a death yak
  9508 | D:9      | Noticed Joseph
  9531 | D:9      | Killed Joseph
  9718 | D:8      | Reached skill level 8 in Axes
  9949 | D:8      | Found a staircase to the Lair.
  9967 | Lair:1   | Entered Level 1 of the Lair of Beasts
  9984 | Lair:1   | Reached XP level 10. HP: 69/79 MP: 10/10
  9999 | Lair:1   | Bought a brightly glowing battleaxe for 287 gold pieces
  9999 | Lair:1   | Identified the +11 battleaxe "Tib Qiclienn" {distort,
                  | Str+10 Int-3} (You bought it in a shop on level 1 of the
                  | Lair of Beasts)
 10335 | D:8      | Reached skill level 9 in Axes
 10338 | D:8      | Reached skill level 5 in Dodging
 10533 | D:8      | HP: 4/80 [hippogriff (1)]
 10539 | D:8      | HP: 1/80 [wolf (6)]
 10539 | D:8      | Slain by a wolf

Illustrated notes

Levels and vault maps discovered:
D:1:      dpeg_arrival_chambers_temple_mockup, layout_basic
D:2:      layout_basic
D:3:      layout_rooms, feat_on_display
D:4:      layout_gridville, kennysheep_mini_moat, serial_shops,
          nicolae_shop_waterfront, minmay_manual_monolith
D:5:      layout_gridville, minmay_temple_entry_antechambers, first_ration
D:6:      layout_basic, uniq_eustachio
D:7:      layout_layer_cave
D:8:      layout_cave_pods, chequers_temple_overflow_minitemple,
          dpeg_lair_monsters, uniq_maurice
D:9:      layout_rooms, grunt_temple_overflow_holy_war, uniq_joseph
Temple:   compressed_dpeg_circular_temple
Lair:1:   layout_roguey, grunt_forest_large_clearings

Skill      XL: |  1  2  3  4  5  6  7  8  9 10 |
---------------+-------------------------------+-----
Axes           | 2 3 4 5 6 8 9 |  9.1
Armour         | 3 4 5 6 |  6.0
Fighting       | 4 5 6 7 8 |  8.1
Dodging        | 1 2 4 5 |  5.0
Shields        | |  2.6

Action                   |  1- 3 |  4- 6 |  7- 9 | 10-12 || total
-------------------------+-------+-------+-------+-------++-------
Melee: War axe           |   147 |   206 |   536 |    12 ||   901
       Battleaxe         |       |       |       |    38 ||    38
Invok: Call Merchant     |       |       |     1 |     1 ||     2
       Potion Petition   |       |       |       |     2 ||     2
Evoke: Wand              |       |       |     1 |       ||     1
  Use: Scroll            |       |     9 |     6 |       ||    15
 Stab: Distracted        |       |       |     2 |     2 ||     4
Armor: Scale mail        |    14 |       |       |       ||    14
       Chain mail        |    80 |   213 |   448 |   100 ||   841
Dodge: Dodged            |    49 |   112 |   298 |    98 ||   557
Block: Kite shield       |    42 |       |       |       ||    42

Table legend:
 A = Non-vault XP
 B = Vault XP
 C = Vault XP percentage of total XP
 D = Non-vault monster count
 E = Vault monster count
 F = Vault count percentage of total count
                 A         B        C        D         E       F
            +---------+---------+-------+---------+---------+-------
      Total |    5498 |    2836 |  34.0 |     212 |      24 |  10.2
            +---------+---------+-------+---------+---------+-------
        D:1 |      38 |       0 |   0.0 |      25 |       0 |   0.0
        D:2 |      87 |       0 |   0.0 |      29 |       0 |   0.0
        D:3 |     175 |       0 |   0.0 |      28 |       0 |   0.0
        D:4 |     277 |       4 |   1.4 |      14 |       2 |  12.5
        D:5 |     484 |       0 |   0.0 |      19 |       0 |   0.0
        D:6 |     929 |     197 |  17.5 |      27 |       1 |   3.6
        D:7 |     960 |       0 |   0.0 |      22 |       0 |   0.0
        D:8 |    1936 |     507 |  20.8 |      26 |       5 |  16.1
        D:9 |     360 |     423 |  54.0 |      20 |       1 |   4.8
     Lair:1 |     252 |    1705 |  87.1 |       2 |      15 |  88.2
            +---------+---------+-------+---------+---------+-------
